 Dungeon Sprint DCSS version 0.22-a0-609-gfedc9ff (webtiles) character file.

507494 raistware the End of an Era (level 21, 199/199 HPs)
             Began as a Formicid Fighter on July 9, 2018.
             Was the Champion of Qazlal.
             Escaped with the Orb!
             The game lasted 00:46:17 (3707 turns).

raistware the End of an Era (Formicid Fighter)      Turns: 3707, Time: 00:46:17

Health: 199/199    AC: 42    Str: 40    XL:     21   Next: 37%
Magic:  38/38      EV: 21    Int:  7    God:    Qazlal [******]
Gold:   0          SH: 47    Dex: 17    Spells: 20/20 levels left

rFire    + + +     SeeInvis +   G - +16 lance "Wyrmbane" {slay drac, rPois rF+ rC+ AC+3}
rCold    + + +     Gourm    .   a - +18 shield of the Gong {rElec rN+ MR+ EV-5}
rNeg     + . .     Faith    .   l - +5 gold dragon scales
rPois    +         Spirit   .   (helmet unavailable)
rElec    +         Reflect  +   j - scarf {rC+ rF+}
rCorr    .         Harm     .   O - +1 pair of gloves {Dex+3}
MR       +++++                  P - +2 pair of boots {run}
Stlth    ..........             k - amulet "Nerhuw" {Reflect MR++ Int-2 SH+3}
HPRegen  0.43/turn              D - +6 ring of strength
MPRegen  0.26/turn              L - ring of Betaj {MR+ Str+5 Dex+3}

@: repel missiles, quick
A: permanent stasis, dig shafts and tunnels, four strong arms, antennae 3
0: Orb of Zot
a: Dig, Upheaval, Elemental Force, Disaster Area, Renounce Religion


You escaped.
You worshipped Qazlal.
Qazlal was exalted by your worship.
You were not hungry.

You visited 1 branch

Inventory:

Hand Weapons
 G - the +16 lance "Wyrmbane" (weapon) {slay drac, rPois rF+ rC+ AC+3}
   (You found it in the Dungeon)

   It affects your AC (+3).
   It protects you from fire.
   It protects you from cold.
   It protects you from poison.
Armour
 a - the +18 shield of the Gong (worn) {rElec rN+ MR+ EV-5}
   (You found it in the Dungeon)

   It affects your evasion (-5).
   It insulates you from electricity.
   It protects you from negative energy.
   It affects your resistance to hostile enchantments.
 j - a scarf of resistance (worn)
 l - +5 gold dragon scales (worn)
 O - a +1 pair of gloves of dexterity (worn)
 P - a +2 pair of boots of running (worn)
Jewellery
 b - an uncursed ring of protection from magic
 k - the amulet "Nerhuw" (around neck) {Reflect MR++ Int-2 SH+3}
   (You found it in the Dungeon)

   [amulet of reflection]

   It shields you and reflects attacks.
   It affects your intelligence (-2).
   It affects your resistance to hostile enchantments.
   It affects your SH (+3).
 o - a +3 ring of evasion
 z - an uncursed ring of ice
 B - a +6 ring of intelligence
 D - a +6 ring of strength (left hand)
 E - a +6 ring of strength
 I - the ring "Ginwebes" {rPois rN+ Str-3 Int+8 Dex+7}
   (You found it in the Dungeon)

   [ring of positive energy]

   It affects your strength (-3).
   It affects your intelligence (+8).
   It affects your dexterity (+7).
   It protects you from poison.
   It protects you from negative energy.
 L - the ring of Betaj (right hand) {MR+ Str+5 Dex+3}
   (You took it off a purple draconian in the Dungeon)

   [ring of dexterity]

   It affects your strength (+5).
   It affects your dexterity (+3).
   It affects your resistance to hostile enchantments.
 M - the amulet "Cocop" {Gourm +Blink rF- Str+6 Slay+2}
   (You took it off a black draconian in the Dungeon)

   [amulet of the gourmand]

   It allows you to eat raw meat even when not hungry.
   It affects your strength (+6).
   It affects your accuracy and damage with ranged weapons and melee attacks
   (+2).
   It makes you vulnerable to fire.
   It lets you blink.
 N - a +6 ring of protection
Wands
 w - a wand of disintegration (7)
 x - a wand of iceblast (7)
 y - a wand of acid (7)
 A - a wand of clouds (5)
Scrolls
 q - 4 scrolls of amnesia
 r - 8 scrolls of fog
 s - 2 scrolls of holy word
 t - 5 scrolls of identify
 u - 5 scrolls of remove curse
 v - 2 scrolls of fear
 H - 7 scrolls of brand weapon
 J - 12 scrolls of enchant weapon
Potions
 d - 4 potions of might
 e - 9 potions of curing
 g - 3 potions of heal wounds
 i - 6 potions of magic
 m - 2 potions of invisibility
 n - 4 potions of resistance
 p - 6 potions of agility
Miscellaneous
 c - 14 boxes of beasts
 h - 10 sacks of spiders
 C - 12 phantom mirrors
 F - a lightning rod (4/4)
Comestibles
 f - 13 rations


   Skills:
 + Level 25.5 Fighting
   Level 13.9 Long Blades
   Level 13.9(20.6) Axes
 + Level 24.4(25.3) Polearms
 + Level 16.6 Throwing
 O Level 27 Armour
 O Level 27 Dodging
 + Level 18.4 Shields
   Level 13.8 Summonings
   Level 12.2 Translocations
   Level 14.9 Transmutations
 O Level 27 Invocations
 + Level 26.2 Evocations


You had 20 spell levels left.
You didn't know any spells.
Your spell library contained the following spells:

 Spells                   Type           Power        Failure   Level  Hunger
 Cause Fear               Hex            #.........   100%        4    #####..
 Magic Dart               Conj           #...         86%         1    ##.....
 Fireball                 Conj/Fire      #.........   100%        5    ######.
 Apportation              Tloc           ###...       1%          1    ##.....
 Conjure Flame            Conj/Fire      #.......     99%         3    ####...
 Bolt of Fire             Conj/Fire      #.........   100%        6    #######
 Bolt of Cold             Conj/Ice       #.........   100%        6    #######
 Lightning Bolt           Conj/Air       #.........   100%        5    ######.
 Bolt of Magma            Conj/Fire/Erth #.........   100%        5    ######.
 Slow                     Hex            #.......     94%         2    ###....
 Invisibility             Hex            #.......     100%        6    #######
 Throw Flame              Conj/Fire      #.....       94%         2    ###....
 Controlled Blink         Tloc           N/A          100%        8    #######
 Freezing Cloud           Conj/Ice/Air   #.........   100%        6    #######
 Mephitic Cloud           Conj/Pois/Air  #.......     99%         3    ####...
 Ring of Flames           Chrm/Fire      #.........   100%        7    #######
 Venom Bolt               Conj/Pois      #.........   100%        5    ######.
 Olgreb's Toxic Radiance  Pois           #.......     100%        4    #####..
 Teleport Other           Tloc           ###.....     3%          3    ####...
 Summon Small Mammal      Summ           ###.         1%          1    ##.....
 Lehudib's Crystal Spear  Conj/Erth      #.........   100%        8    #######
 Fire Storm               Conj/Fire      #.........   100%        9    #######
 Blink                    Tloc           N/A          1%          2    ###....
 Iskenderun's Mystic Bla  Conj           #.......     100%        4    #####..
 Summon Horrible Things   Summ           ###.......   100%        8    #######
 Animate Dead             Necr           N/A          100%        4    #####..
 Freeze                   Ice            #...         86%         1    ##.....
 Ozocubu's Refrigeration  Ice            #.........   100%        6    #######
 Sticky Flame             Conj/Fire      #.......     100%        4    #####..
 Summon Ice Beast         Ice/Summ       #.......     67%         4    #####..
 Call Imp                 Summ           ###.....     1%          2    ###....
 Dispel Undead            Necr           #.......     100%        5    ######.
 Poison Arrow             Conj/Pois      #.........   100%        6    #######
 Regeneration             Chrm/Necr      #.........   99%         3    ####...
 Sting                    Conj/Pois      #...         86%         1    ##.....
 Tukima's Dance           Hex            #.......     99%         3    ####...
 Summon Demon             Summ           ###.......   16%         5    ######.
 Summon Greater Demon     Summ           ###.......   99%         7    #######
 Corpse Rot               Necr           N/A          94%         2    ###....
 Iron Shot                Conj/Erth      #.........   100%        6    #######
 Stone Arrow              Conj/Erth      #.....       99%         3    ####...
 Shock                    Conj/Air       #...         86%         1    ##.....
 Swiftness                Chrm/Air       #.......     94%         2    ###....
 Recall                   Summ/Tloc      N/A          2%          3    ####...
 Spider Form              Tmut/Pois      ##........   24%         3    ####...
 Blade Hands              Tmut           ###.......   10%         5    ######.
 Statue Form              Tmut/Erth      ##.......    100%        6    #######
 Ice Form                 Ice/Tmut       ##......     61%         4    #####..
 Dragon Form              Tmut           ###.......   97%         7    #######
 Death Channel            Necr           #.........   100%        6    #######
 Deflect Missiles         Chrm/Air       #.........   100%        6    #######
 Glaciate                 Conj/Ice       #.........   100%        9    #######
 Airstrike                Air            #.........   100%        4    #####..
 Flame Tongue             Conj/Fire      #....        86%         1    ##.....
 Passwall                 Tmut/Erth      ##......     12%         2    ###....
 Ignite Poison            Fire/Tmut/Pois #.......     54%         3    ####...
 Sticks to Snakes         Tmut           ###.....     1%          2    ###....
 Call Canine Familiar     Summ           ###.....     1%          3    ####...
 Ensorcelled Hibernation  Hex/Ice        #.....       94%         2    ###....
 Metabolic Englaciation   Hex/Ice        #.........   100%        5    ######.
 Summon Butterflies       Summ           ###.....     1%          1    ##.....
 Silence                  Hex/Air        #.........   100%        5    ######.
 Shatter                  Erth           #.........   100%        9    #######
 Dispersal                Tloc           ###.......   86%         6    #######
 Static Discharge         Conj/Air       #.......     99%         3    ####...
 Corona                   Hex            #......      86%         1    ##.....
 Alistair's Intoxication  Tmut/Pois      ##......     91%         5    ######.
 Lee's Rapid Deconstruct  Erth           #.........   100%        5    ######.
 Sandblast                Erth           #.....       86%         1    ##.....
 Simulacrum               Ice/Necr       #.........   100%        6    #######
 Conjure Ball Lightning   Conj/Air       #.........   100%        6    #######
 Chain Lightning          Conj/Air       #.........   100%        8    #######
 Excruciating Wounds      Chrm/Necr      #.........   100%        5    ######.
 Portal Projectile        Hex/Tloc       #.....       38%         3    ####...
 Monstrous Menagerie      Summ           ###.......   99%         7    #######
 Passage of Golubria      Tloc           N/A          11%         4    #####..
 Orb of Destruction       Conj           #.........   100%        7    #######
 Malign Gateway           Summ/Tloc      ###.......   100%        7    #######
 Tornado                  Air            #.........   100%        9    #######
 Leda's Liquefaction      Hex/Erth       #.........   100%        4    #####..
 Summon Hydra             Summ           ###.......   99%         7    #######
 Shroud of Golubria       Chrm/Tloc      #.........   21%         2    ###....
 Inner Flame              Hex/Fire       #.......     99%         3    ####...
 Beastly Appendage        Tmut           ###...       1%          1    ##.....
 Disjunction              Tloc           ###.......   100%        8    #######
 Iskenderun's Battlesphe  Conj/Chrm      #.......     100%        5    ######.
 Fulminant Prism          Conj/Hex       #.........   100%        4    #####..
 Dazzling Spray           Conj/Hex       #.....       99%         3    ####...
 Force Lance              Conj/Tloc      #.......     80%         4    #####..
 Infusion                 Chrm           #...         86%         1    ##.....
 Searing Ray              Conj           #.....       94%         2    ###....
 Summon Forest            Summ/Tloc      ###.......   22%         5    ######.
 Summon Lightning Spire   Summ/Air       #.......     67%         4    #####..
 Summon Guardian Golem    Hex/Summ       #.......     28%         3    ####...
 Dragon's Call            Summ           ###.......   100%        9    #######
 Spellforged Servitor     Conj/Summ      #.........   100%        7    #######
 Summon Mana Viper        Hex/Summ       #.......     95%         5    ######.
 Hydra Form               Tmut           ###.......   50%         6    #######
 Irradiate                Conj/Tmut      ##........   91%         5    ######.
 Gell's Gravitas          Tloc           ###.......   3%          3    ####...
 Yara's Violent Unravell  Hex/Tmut       ##........   91%         5    ######.
 Lesser Beckoning         Tloc           ###.......   3%          3    ####...
 Poisonous Vapours        Pois/Air       #.....       94%         2    ###....
 Ignition                 Fire           #.........   100%        8    #######
 Borgnjor's Vile Clutch   Necr/Erth      #.........   100%        5    ######.


Dungeon Overview and Level Annotations

Branches:
Dungeon (1/1)

Altars:
Ashenzari
Cheibriados
Dithmenos
Elyvilon
Fedhas
Gozag
Hepliaklqana
Kikubaaqudgha
Makhleb
Nemelex Xobeh
Okawaru
Qazlal
Ru
Sif Muna
Trog
Uskayaw
Vehumet
Wu Jian
Xom
Yredelemnul
Zin
The Shining One
Beogh
Jiyva
Lugonu


Innate Abilities, Weirdness & Mutations

You cannot be hasted, slowed, berserked, paralysed or teleported.
You can dig through walls and to a lower floor.
Your four strong arms can wield two-handed weapons with a shield.
You have a pair of large antennae on your head. (SInv)


Message History

You see here a lamp of fire.
You see here a book of Conjurations.
You pick up a book of Conjurations and begin reading...
You add the spells Fulminant Prism and Iskenderun's Mystic Blast to your library.
You see here an uncursed staff of power.
You see here a book of Annihilations.
There is a transporter here.
You start resting.
All of the chunks of flesh in your inventory have rotted away.
HP restored.
An exit appears before you!
You enter the transporter and appear at another place.
Found the Orb of Zot.
Found a staircase leading out of the dungeon.
You see here the Orb of Zot.
You pick up the Orb of Zot!
The Orb lets out a hideous shriek!
The lords of Pandemonium are not amused.
Beware!
Now all you have to do is get back out of the dungeon!
There is a staircase leading out of the dungeon here.
You have escaped!

............▓.......)....(▓...8©8
............▓..▓.......▓(.▓..)[..
............▓..........(..▓..).|.
............▓.............▓......
............▓......©......▓......
............▓▓▓▓▓▓▓▓▓▓▓▓▓▓▓......
............▓8888888888888▓......
............▓8..§.§......8▓.[▓...
......≈.....▓8..@.....©..8▓.▓....
...≈≈≈......▓8.......§...8▓....©.
...≈©≈≈.....▓8888888888888▓▓▓▓▓▓▓
▓▓▓▓▓▓▓▓▓▓▓▓▓▓▓▓▓▓▓▓▓▓▓▓▓▓▓▓▓▓▓▓▓
.....8©8........▓........8©8.....
[[:[.)|[=[}.!!).▓.}}[[.)..)....)}
.}).....=.|):.=.▓.[[.))[[}}.|[.[)
.}.=).[.=)..))).▓.)}[})..)...|...
.)......|.......▓.......[.|))....


There were no monsters in sight!

Vanquished Creatures
  A shard shrike (shapeshifter) (D)
  A shard shrike (D)
  A caustic shrike (shapeshifter) (D)
  A golden dragon (shapeshifter) (D)
  3 pearl dragons (D)
  A bone dragon (D)
  2 iron giants (D)
  2 iron giants (shapeshifter) (D)
  10 titans (D)
  2 Hell Sentinels (D)
  A lich (D)
  2 deep elf master archers (D)
  An acid blob (shapeshifter) (D)
  2 acid blobs (D)
  A death cob (D)
  2 shadow dragons (shapeshifter) (D)
  2 storm dragons (D)
  10 draconian monks (D)
  4 azure jellies (D)
  An azure jelly (shapeshifter) (D)
  2 daevas (D)
  4 fire giants (D)
  6 frost giants (D)
  5 draconian scorchers (D)
  5 draconian knights (D)
  A balrug (D)
  An iron dragon (shapeshifter) (D)
  4 draconian shifters (D)
  5 draconian stormcallers (D)
  2 angels (D)
  3 draconian annihilators (D)
  A ghoul (D)
  6 reapers (D)
  3 vampire knights (D)
  10 stone giants (D)
  2 apis (D)
  An ophan (D)
  18 green draconians (D)
  A dire elephant (shapeshifter) (D)
  9 yellow draconians (D)
  13 red draconians (D)
  15 black draconians (D)
  18 purple draconians (D)
  6 merfolk javelineers (D)
  15 white draconians (D)
  3 merfolk impalers (D)
  3 death oozes (D)
  An ettin (shapeshifter) (D)
  6 ettins (D)
  2 yaktaur captains (D)
  2 ice dragons (D)
  A merfolk avatar (D)
  A satyr (D)
  An anaconda (shapeshifter) (D)
  An alligator snapping turtle (D)
  6 merfolk aquamancers (D)
  A centaur warrior (D)
  An alligator snapping turtle (shapeshifter) (D)
  A satyr (shapeshifter) (D)
  A dancing weapon (D)
  3 hell hogs (D)
  A shock serpent (shapeshifter) (D)
  A hell knight (D)
  A wretched star (D)
  2 fire crabs (shapeshifter) (D)
  A flayed ghost (D)
  3 skeletal warriors (D)
  A sea snake (D)
  A death drake (shapeshifter) (D)
  3 cherubim (D)
  A deep elf archer (D)
  A necromancer (D)
  2 large abominations (D)
  A glowing orange brain (shapeshifter) (D)
  A lindwurm (shapeshifter) (D)
  2 cyclopes (shapeshifter) (D)
  An orb spider (shapeshifter) (D)
  A harpy (D)
  3 shining eyes (D)
  A shining eye (shapeshifter) (D)
  A wolf spider (shapeshifter) (D)
  4 deep elf magi (D)
  9 cyclopes (D)
  4 toenail golems (D)
  4 draconians (D)
  A manticore (D)
  A black mamba (D)
  2 eyes of devastation (D)
  3 rust devils (D)
  A merfolk siren (D)
  2 naga magi (D)
  A spiny frog (shapeshifter) (D)
  7 hellions (D)
  An orange demon (D)
  2 yaktaurs (D)
  A freezing wraith (D)
  10 tormentors (D)
  9 ice devils (D)
  An efreet (D)
  5 red devils (D)
  A merfolk (shapeshifter) (D)
  A jumping spider (shapeshifter) (D)
  4 merfolk (D)
  A jumping spider (D)
  5 wind drakes (D)
  2 queen bees (shapeshifter) (D)
  3 dream sheep (shapeshifter) (D)
  9 slime creatures (D)
  A hippogriff (shapeshifter) (D)
  A hippogriff (D)
  3 flying skulls (D)
  2 snapping turtles (D)
  2 air elementals (D)
  10 wraiths (D)
  2 redbacks (shapeshifter) (D)
  2 tarantellas (shapeshifter) (D)
  A tarantella (D)
  3 shadows (D)
  A yak (shapeshifter) (D)
  A fire elemental (D)
  A basilisk (shapeshifter) (D)
  2 golden eyes (D)
  3 insubstantial wisps (D)
  A soldier ant (shapeshifter) (D)
  2 nagas (D)
  7 hell hounds (D)
  2 water moccasins (D)
  A floating eye (shapeshifter) (D)
  2 porcupines (shapeshifter) (D)
  A floating eye (D)
  An eye of draining (D)
  7 necrophages (D)
  5 centaurs (D)
  2 earth elementals (D)
  2 scorpions (D)
  5 wights (D)
  A crimson imp (D)
  2 quasits (D)
  A jelly (D)
  9 iron imps (D)
  2 small abominations (D)
  2 mummies (D)
  2 adders (D)
  3 white imps (D)
  3 ufetubi (D)
  12 adder zombies (D)
  5 adder skeletons (D)
  10 bat skeletons (D)
  6 bat zombies (D)
  A ball python skeleton (D)
  A ball python zombie (D)
  7 giant cockroach zombies (D)
  A jackal skeleton (D)
  A jackal zombie (D)
  A leopard gecko simulacrum (D)
  2 leopard gecko skeletons (D)
  3 leopard gecko zombies (D)
  4 quokka skeletons (D)
  2 fire vortices (D)
517 creatures vanquished.

Vanquished Creatures (others)
  A jackal skeleton (D)
1 creature vanquished.

Grand Total: 518 creatures vanquished

Notes
Turn   | Place    | Note
-------+----------+-------------------------------------------
     0 | D        | Found the +6 Majin-Bo {vamp, Archmagi MP+6 Int+6}
     0 | D        | Found the +7 great mace "Firestarter" {inner flame, rF++}
     0 | D        | raistware the Formicid Fighter began the quest for the Orb.
     0 | D        | Reached XP level 1. HP: 18/18 MP: 1/1
    14 | D        | Found a blossoming altar of Fedhas.
    16 | D        | Found a deep blue altar of Sif Muna.
    16 | D        | Found a sacrificial altar of Ru.
    16 | D        | Found a bloodstained altar of Trog.
    16 | D        | Found a stormy altar of Qazlal.
    16 | D        | Found an iron altar of Okawaru.
    16 | D        | Found a sparkling altar of Nemelex Xobeh.
    18 | D        | Found a transporter.
    18 | D        | Found an ancient bone altar of Kikubaaqudgha.
    18 | D        | Found a viscous altar of Jiyva.
    18 | D        | Found a corrupted altar of Lugonu.
    18 | D        | Found a hazy altar of Hepliaklqana.
    18 | D        | Found a burning altar of Makhleb.
    18 | D        | Found an opulent altar of Gozag.
    35 | D        | Found the +6 shillelagh "Devastator" {shatter}
    35 | D        | Found the +11 plutonium sword {*Contam Stlth-}
    35 | D        | Found the +8 lance "Wyrmbane" {slay drac, rPois rF+ rC+ AC+3}
    35 | D        | Found the +9 sword of Zonguldrok {reap}
    35 | D        | Found the cursed +13 scythe of Curses {drain, *Curse}
    35 | D        | Found the +0 sword of Power
    35 | D        | Found the +7 mace of Variability {chain chaos}
    35 | D        | Found the +7 Singing Sword
    35 | D        | Found the +7 longbow "Piercer" {penet, EV-2}
    39 | D        | Found the +9 heavy crossbow "Sniper" {velocity, Acc+∞ SInv}
    39 | D        | Found the +10 dark maul {crush}
    39 | D        | Found the +15 Maxwell's patent armour {-Cast -Tele rElec MR+ rCorr}
    39 | D        | Found the +18 shield of the Gong {rElec rN+ MR+ EV-5}
    39 | D        | Found the cursed +14 obsidian axe {chop, +Fly SInv *Curse}
    57 | D        | Became a worshipper of Qazlal Stormbringer
    70 | D        | Reached XP level 2. HP: 24/24 MP: 2/2
    73 | D        | Entered arena 2.
    73 | D        | Found a transporter.
    80 | D        | Reached skill level 1 in Dodging
    80 | D        | Reached skill level 1 in Invocations
    80 | D        | Reached XP level 3. HP: 29/29 MP: 2/4
   103 | D        | Entered arena 3.
   103 | D        | Found a transporter.
   106 | D        | Reached * piety under Qazlal
   113 | D        | Reached XP level 4. HP: 31/35 MP: 5/5
   124 | D        | Entered arena 4.
   124 | D        | Noticed a necrophage
   124 | D        | Found a transporter.
   127 | D        | Reached ** piety under Qazlal
   136 | D        | Killed a necrophage
   136 | D        | Reached XP level 5. HP: 36/41 MP: 5/7
   140 | D        | Reached *** piety under Qazlal
   157 | D        | Entered arena 5.
   157 | D        | Noticed a jumping spider
   157 | D        | Noticed a tarantella
   157 | D        | Found a transporter.
   160 | D        | Killed a tarantella
   160 | D        | Reached skill level 5 in Armour
   160 | D        | Reached XP level 6. HP: 45/47 MP: 7/9
   165 | D        | Reached skill level 10 in Polearms
   165 | D        | Reached skill level 5 in Invocations
   169 | D        | Killed a jumping spider
   169 | D        | Reached XP level 7. HP: 51/52 MP: 7/11
   170 | D        | Reached **** piety under Qazlal
   198 | D        | Entered arena 6.
   198 | D        | Noticed a hell hound
   198 | D        | Found a transporter.
   199 | D        | Found the amulet of the Air {Inacc +Fly rElec EV+5 RMsl}
   206 | D        | Killed a hell hound
   206 | D        | Reached skill level 5 in Dodging
   206 | D        | Reached skill level 1 in Evocations
   209 | D        | Reached XP level 8. HP: 52/58 MP: 11/13
   213 | D        | Reached ***** piety under Qazlal
   240 | D        | Entered arena 7.
   240 | D        | Noticed a deep elf mage
   240 | D        | Noticed a deep elf mage
   240 | D        | Noticed a deep elf mage
   240 | D        | Noticed a deep elf mage
   240 | D        | Noticed a dire flail of protection
   240 | D        | Noticed a deep elf archer
   242 | D        | Killed a deep elf mage
   250 | D        | Killed a deep elf mage
   250 | D        | Reached skill level 5 in Evocations
   250 | D        | Reached XP level 9. HP: 64/64 MP: 2/15
   258 | D        | Killed a dire flail of protection
   259 | D        | Killed a deep elf mage
   259 | D        | Reached skill level 10 in Armour
   259 | D        | Reached skill level 10 in Invocations
   263 | D        | Killed a deep elf mage
   263 | D        | Reached XP level 10. HP: 59/70 MP: 3/17
   264 | D        | Found a transporter.
   271 | D        | Killed a deep elf archer
   356 | D        | Entered arena 8.
   356 | D        | Noticed a toenail golem
   356 | D        | Noticed a toenail golem
   356 | D        | Noticed a toenail golem
   356 | D        | Noticed a toenail golem
   373 | D        | Killed a toenail golem
   381 | D        | Killed a toenail golem
   393 | D        | Killed a toenail golem
   393 | D        | Reached skill level 5 in Fighting
   403 | D        | Killed a toenail golem
   423 | D        | Found a transporter.
   476 | D        | Entered arena 9.
   476 | D        | Noticed a hell hog
   476 | D        | Noticed an efreet
   477 | D        | Found the +3 robe of Clouds {+Fly rElec}
   477 | D        | Killed an efreet
   477 | D        | Reached skill level 10 in Evocations
   477 | D        | Reached ****** piety under Qazlal
   477 | D        | Reached XP level 11. HP: 81/81 MP: 20/20
   478 | D        | Found a transporter.
   486 | D        | Killed a hell hog
   486 | D        | Reached skill level 10 in Dodging
   520 | D        | Entered arena 10.
   520 | D        | Noticed a draconian
   520 | D        | Noticed a yellow draconian
   520 | D        | Noticed a draconian
   520 | D        | Noticed a draconian
   520 | D        | Noticed a draconian
   520 | D        | Noticed a purple draconian
   520 | D        | Noticed a purple draconian
   520 | D        | Noticed a death cob
   521 | D        | Found a transporter.
   533 | D        | Killed a purple draconian
   541 | D        | Killed a yellow draconian
   547 | D        | Killed a draconian
   552 | D        | Killed a draconian
   553 | D        | Killed a death cob
   556 | D        | Killed a draconian
   559 | D        | Killed a purple draconian
   559 | D        | Reached XP level 12. HP: 73/97 MP: 20/22
   580 | D        | Got the ring "Qiajocrixt" {rPois rC+ Stlth+}
   582 | D        | Got the ring of Haicupy {rF- rN++ MR+}
   653 | D        | Entered arena 11.
   654 | D        | Found a transporter.
   661 | D        | Reached skill level 10 in Fighting
   702 | D        | Got Vehumet's Guide on Battle Magic
   707 | D        | Entered arena 12.
   707 | D        | Noticed a satyr
   707 | D        | Noticed a merfolk impaler
   707 | D        | Noticed a merfolk aquamancer
   707 | D        | Noticed a merfolk aquamancer
   707 | D        | Noticed a merfolk aquamancer
   708 | D        | Noticed a merfolk javelineer
   710 | D        | Noticed a merfolk aquamancer
   710 | D        | Reached skill level 15 in Invocations
   710 | D        | Killed a satyr
   710 | D        | Killed a merfolk aquamancer
   710 | D        | Killed a merfolk aquamancer
   710 | D        | Killed a merfolk aquamancer
   713 | D        | Killed a merfolk aquamancer
   714 | D        | Killed a merfolk javelineer
   714 | D        | Found a transporter.
   728 | D        | Killed a merfolk impaler
   728 | D        | Reached XP level 13. HP: 86/106 MP: 18/25
   791 | D        | Entered arena 13.
   792 | D        | Noticed a storm dragon
   792 | D        | Noticed a storm dragon
   802 | D        | Killed a storm dragon
   802 | D        | Reached skill level 15 in Armour
   803 | D        | Killed a storm dragon
   814 | D        | Found a transporter.
   826 | D        | Got the ring of Sunlight {rPois rN+ MR++ Int-4 Stlth+}
   981 | D        | Entered arena 14.
   985 | D        | Found the +3 robe of Folly {Archmagi, MR-- Int+5}
  1010 | D        | Found a transporter.
  1031 | D        | Entered arena 15.
  1040 | D        | Found a transporter.
  1061 | D        | Upgraded the game from 0.22-a0-608-g8a62e23 to 0.22-a0-609-gfedc9ff
  1206 | D        | Entered arena 16.
  1210 | D        | Found the +4 robe of Augmentation {Str+4 Int+4 Dex+4}
  1219 | D        | Found a transporter.
  1484 | D        | Entered arena 17.
  1487 | D        | Noticed a vampire knight
  1487 | D        | Noticed a ghoul
  1488 | D        | Noticed a vampire knight
  1488 | D        | Noticed a lich
  1488 | D        | Noticed a vampire knight
  1490 | D        | Found a transporter.
  1507 | D        | Killed a lich
  1507 | D        | Reached skill level 15 in Evocations
  1507 | D        | Reached XP level 14. HP: 23/118 MP: 21/27
  1507 | D        | Killed a vampire knight
  1507 | D        | Killed a vampire knight
  1514 | D        | Killed a vampire knight
  1523 | D        | Killed a ghoul
  1536 | D        | Got Sif Muna's Tome of the Dark Frostbite
  1785 | D        | Entered arena 18.
  1831 | D        | Found a transporter.
  1839 | D        | Got the ring of Fanaticism {rPois rN+ Int+2 Dex-3 Slay+3}
  1842 | D        | Got the ring of Hexkiosu {+Blink rElec rF+++ Str+4 Dex-3}
  1848 | D        | Got Cixkanom's Incunabulum of Enchantment and Talismans
  1854 | D        | Got the Disquisition on Calling and Lightness
  1865 | D        | Entered arena 19.
  1869 | D        | Noticed a stone giant
  1869 | D        | Noticed a stone giant
  1871 | D        | Noticed a deep elf master archer
  1872 | D        | Found a transporter.
  1873 | D        | Noticed a deep elf master archer
  1877 | D        | Reached skill level 15 in Fighting
  1877 | D        | Reached skill level 15 in Dodging
  1877 | D        | Killed a stone giant
  1877 | D        | Killed a stone giant
  1877 | D        | Reached XP level 15. HP: 124/129 MP: 28/30
  1877 | D        | Killed a deep elf master archer
  1884 | D        | Found the +3 sling "Punk" {acid, rCorr}
  1885 | D        | Killed a deep elf master archer
  1916 | D        | Got the ring "Raxzaxis" {MR+ Dex+3 Slay+3}
  1932 | D        | Got the Collected Works on Moulding and Companions
  1947 | D        | Entered arena 20.
  1951 | D        | Noticed a pearl dragon
  1951 | D        | Noticed a pearl dragon
  1951 | D        | Noticed an angel
  1952 | D        | Noticed a daeva
  1953 | D        | Noticed a daeva
  1953 | D        | Noticed an angel
  1953 | D        | Noticed a pearl dragon
  1954 | D        | Found a transporter.
  1955 | D        | Killed an angel
  1955 | D        | Killed an angel
  1955 | D        | Killed a daeva
  1955 | D        | Killed a pearl dragon
  1959 | D        | Killed a pearl dragon
  1964 | D        | Killed a pearl dragon
  1970 | D        | Killed a daeva
  1996 | D        | Found the +5 scythe "Finisher" {speed, Str+3}
  2000 | D        | Found the +8 Wrath of Trog {antimagic, *Rage}
  2034 | D        | Entered arena 21.
  2041 | D        | Noticed a balrug
  2042 | D        | Noticed a reaper
  2043 | D        | Reached skill level 15 in Polearms
  2043 | D        | Killed a balrug
  2043 | D        | Reached XP level 16. HP: 99/141 MP: 32/32
  2058 | D        | Found a transporter.
  2070 | D        | Identified a +2 pair of boots of running (You found it in the Dungeon)
  2091 | D        | Got the ring of the Insatiable Dances {Ice MR+ Str+3}
  2106 | D        | Got the Volume of Protection and Creation
  2175 | D        | Entered arena 22.
  2178 | D        | Noticed an azure jelly
  2179 | D        | Noticed an azure jelly
  2179 | D        | Noticed an acid blob
  2180 | D        | Noticed an azure jelly
  2180 | D        | Noticed an azure jelly
  2180 | D        | Noticed an acid blob
  2182 | D        | Killed an azure jelly
  2182 | D        | Killed an acid blob
  2182 | D        | Killed an azure jelly
  2182 | D        | Killed an azure jelly
  2182 | D        | Killed an acid blob
  2182 | D        | Killed an azure jelly
  2184 | D        | Found a transporter.
  2218 | D        | Got the Catalogue of Transmigration
  2226 | D        | Entered arena 23.
  2234 | D        | Noticed a shard shrike
  2237 | D        | Found the +3 warlock's mirror {reflect}
  2238 | D        | Reached skill level 1 in Long Blades
  2238 | D        | Reached skill level 1 in Axes
  2238 | D        | Reached skill level 1 in Transmutations
  2251 | D        | Killed a shard shrike
  2251 | D        | Reached skill level 5 in Long Blades
  2251 | D        | Reached skill level 5 in Axes
  2271 | D        | Found a transporter.
  2285 | D        | Got the amulet "Nerhuw" {Reflect MR++ Int-2 SH+3}
  2287 | D        | Got the amulet "Baomuaf" {Faith rPois rF+}
  2291 | D        | Got the Tome of Enthralling Aid
  2293 | D        | Got the cursed ring of Xom's Absentmindedness {+Blink Str+4 Int-6}
  2296 | D        | Got the amulet of Noagrat {Acrobat rElec rPois MP-9 SInv}
  2319 | D        | Got the Grimoire of Glacial Translocation
  2324 | D        | Entered arena 24.
  2335 | D        | Noticed a fire giant
  2335 | D        | Noticed a frost giant
  2335 | D        | Noticed a frost giant
  2336 | D        | Noticed a titan
  2336 | D        | Noticed a frost giant
  2336 | D        | Noticed a fire giant
  2336 | D        | Noticed a titan
  2336 | D        | Noticed a titan
  2336 | D        | Noticed a titan
  2336 | D        | Noticed a titan
  2337 | D        | Noticed a titan
  2337 | D        | Noticed a fire giant
  2337 | D        | Noticed a titan
  2337 | D        | Noticed a fire giant
  2337 | D        | Noticed a titan
  2340 | D        | Reached skill level 1 in Translocations
  2340 | D        | Killed a titan
  2340 | D        | Reached XP level 17. HP: 105/151 MP: 34/34
  2340 | D        | Reached skill level 5 in Translocations
  2340 | D        | Killed a titan
  2340 | D        | Reached skill level 10 in Transmutations
  2340 | D        | Reached skill level 10 in Axes
  2340 | D        | Killed a titan
  2340 | D        | Reached skill level 10 in Long Blades
  2340 | D        | Killed a titan
  2343 | D        | Noticed a titan
  2349 | D        | Killed a titan
  2350 | D        | Reached skill level 10 in Translocations
  2350 | D        | Reached skill level 27 in Invocations
  2354 | D        | Noticed a titan
  2357 | D        | Killed a titan
  2363 | D        | Killed a titan
  2363 | D        | Killed a titan
  2363 | D        | Killed a titan
  2363 | D        | Killed a titan
  2363 | D        | Reached XP level 18. HP: 80/160 MP: 30/35
  2381 | D        | Found a transporter.
  2396 | D        | Got the amulet "Tenk" {Spirit -Tele Str+4 Int-5 Dex+5 SInv}
  2459 | D        | Got the Collected Works on Destructive Lightness
  2468 | D        | Got Bamp's Collected Works on Cankerous Dark Rites
  2581 | D        | Entered arena 25.
  2592 | D        | Noticed a shard shrike
  2592 | D        | Noticed an acid blob
  2594 | D        | Noticed a titan
  2595 | D        | Noticed a quicksilver dragon
  2596 | D        | Noticed an iron giant
  2596 | D        | an acid blob changed into a shadow dragon
  2598 | D        | Noticed a juggernaut
  2598 | D        | a shard shrike changed into a juggernaut
  2600 | D        | Noticed an acid blob
  2600 | D        | a titan changed into an acid blob
  2600 | D        | Noticed a caustic shrike
  2602 | D        | Noticed an acid blob
  2602 | D        | an iron giant changed into an acid blob
  2602 | D        | Noticed a quicksilver dragon
  2602 | D        | a shadow dragon changed into a quicksilver dragon
  2602 | D        | Noticed a titan
  2602 | D        | a juggernaut changed into a titan
  2604 | D        | an acid blob changed into an iron dragon
  2604 | D        | Noticed an acid blob
  2604 | D        | a caustic shrike changed into an acid blob
  2604 | D        | a quicksilver dragon changed into a sphinx
  2604 | D        | Noticed a juggernaut
  2604 | D        | a titan changed into a juggernaut
  2605 | D        | Noticed an iron giant
  2606 | D        | Noticed a titan
  2606 | D        | a juggernaut changed into a titan
  2606 | D        | Noticed a shard shrike
  2608 | D        | an acid blob changed into a shadow dragon
  2608 | D        | Noticed a juggernaut
  2608 | D        | a titan changed into a juggernaut
  2610 | D        | Noticed a golden dragon
  2610 | D        | a shadow dragon changed into a golden dragon
  2610 | D        | Noticed a caustic shrike
  2610 | D        | a juggernaut changed into a caustic shrike
  2611 | D        | Noticed a caustic shrike
  2612 | D        | an acid blob changed into a shadow dragon
  2612 | D        | a quicksilver dragon changed into a dire elephant
  2612 | D        | Noticed an iron giant
  2613 | D        | Killed a shard shrike
  2613 | D        | Killed an iron giant
  2613 | D        | Killed a caustic shrike
  2614 | D        | an iron giant changed into an iron dragon
  2617 | D        | Killed a golden dragon
  2618 | D        | Noticed an iron giant
  2618 | D        | a caustic shrike changed into an iron giant
  2620 | D        | Noticed a shard shrike
  2620 | D        | an iron dragon changed into a shard shrike
  2620 | D        | HP: 6/166 [iron giant (glowing shapeshifter) (42)]
  2621 | D        | Noticed a titan
  2621 | D        | a shard shrike changed into a titan
  2625 | D        | Noticed an acid blob
  2625 | D        | a titan changed into an acid blob
  2629 | D        | Killed an iron giant
  2637 | D        | Killed an acid blob
  2689 | D        | Found the ring of the Octopus King {Wiz AC+1 EV+1 Str+1 Int+1 Dex+1}
  2691 | D        | Found a transporter.
  2701 | D        | Got the ring "Luehed" {rF+ Str+4}
  2704 | D        | Got the ring of Royalty {+Fly rElec Int+3}
  2715 | D        | Got the ring "Lidgh" {Fire +Inv MP+9 Int-4 Stlth+}
  2727 | D        | Got a ring of the Octopus King {Wiz AC+1 EV+1 Str+1 Int+1 Dex+1}
  2819 | D        | Entered arena 26.
  2835 | D        | Noticed an iron giant
  2837 | D        | Killed an iron giant
  2839 | D        | Noticed a bone dragon
  2839 | D        | Noticed a Hell Sentinel
  2840 | D        | Noticed an iron giant
  2841 | D        | Reached XP level 19. HP: 37/174 MP: 21/36
  2841 | D        | Killed a Hell Sentinel
  2841 | D        | Killed a bone dragon
  2870 | D        | Noticed a Hell Sentinel
  2871 | D        | Killed an iron giant
  2872 | D        | Killed a Hell Sentinel
  3048 | D        | Found a transporter.
  3062 | D        | Got the Handbook of the Damaging Rocks
  3083 | D        | Got the ring "Ginwebes" {rPois rN+ Str-3 Int+8 Dex+7}
  3109 | D        | Entered arena 27.
  3147 | D        | Reached skill level 1 in Throwing
  3154 | D        | Reached skill level 10 in Shields
  3154 | D        | Reached skill level 5 in Throwing
  3175 | D        | Reached skill level 10 in Throwing
  3184 | D        | Reached XP level 20. HP: 116/186 MP: 37/37
  3202 | D        | Got the amulet "Cocop" {Gourm +Blink rF- Str+6 Slay+2}
  3207 | D        | Got the ring "Qikoq" {rPois Dex+3 Slay+1 Stlth+}
  3258 | D        | Found a transporter.
  3274 | D        | Got the Catalogue of Transmutation
  3362 | D        | Entered arena 28.
  3390 | D        | Reached skill level 1 in Summonings
  3414 | D        | Reached skill level 15 in Shields
  3423 | D        | Reached skill level 5 in Summonings
  3423 | D        | Reached skill level 27 in Armour
  3423 | D        | Reached skill level 10 in Summonings
  3423 | D        | Reached skill level 15 in Throwing
  3438 | D        | Reached XP level 21. HP: 92/197 MP: 32/38
  3455 | D        | Reached skill level 27 in Dodging
  3477 | D        | Got the amulet of Fehurr {Gourm *Contam +Fly Str+4}
  3477 | D        | Got the amulet "Kicobbutt" {Faith rF+ rN+ MP+9 Dex+4}
  3499 | D        | Got the ring of Betaj {MR+ Str+5 Dex+3}
  3511 | D        | Got the ring "Zocorph" {rElec rPois Stlth+}
  3533 | D        | Found a transporter.
  3553 | D        | Got the Papyrus of Talismans and the Escort
  3702 | D        | Got the Orb of Zot
  3707 | D        | Escaped with the Orb!

Vault maps used:
D:        sprint_v

Skill      XL: |  1  2  3  4  5  6  7  8  9 10 11 12 13 14 15 16 17 18 19 20 21 |
---------------+----------------------------------------------------------------+-----
Polearms       | 7 8 9 10 11 12 15 18 20 22 23 24 | 24.4
Dodging        | 1 2 3 4 5 6 8 9 11 12 13 15 16 17 18 21 24 26 27 | 27.0
Shields        | 4 6 7 9 13 17 18 | 18.4
Invocations    | 1 2 3 4 6 8 10 12 14 16 19 22 24 26 27 | 27.0
Armour         | 4 5 6 7 8 10 11 13 14 16 17 19 20 21 23 25 27 | 27.0
Evocations     | 2 5 8 10 12 13 15 16 18 19 20 22 24 25 26 | 26.2
Fighting       | 6 9 11 13 15 17 18 19 21 23 24 25 | 25.5
Long Blades    | 7 13 | 13.9
Axes           | 8 13 | 13.9
Transmutations | 8 14 | 14.9
Translocations | 4 12 | 12.2
Throwing       | 11 15 16 | 16.6
Summonings     | 11 13 | 13.8

Action                   |  1- 3 |  4- 6 |  7- 9 | 10-12 | 13-15 | 16-18 | 19-21 || total
-------------------------+-------+-------+-------+-------+-------+-------+-------++-------
Melee: Lance             |    16 |    29 |    36 |   158 |   130 |   107 |   119 ||   595
Invok: Disaster Area     |       |       |     1 |     3 |    10 |    10 |     9 ||    33
       Upheaval          |       |       |     1 |       |       |     4 |     1 ||     6
Evoke: Lightning rod     |       |       |       |     2 |       |       |       ||     2
  Use: Potion            |     1 |       |       |     1 |       |     5 |     9 ||    16
       Scroll            |       |       |       |     1 |       |       |     1 ||     2
  Eat: Chunk             |       |       |       |       |     1 |     1 |       ||     2
       Ration            |       |       |       |       |     1 |     1 |       ||     2
Armor: Gold dragon scale |     5 |     7 |     5 |    20 |    22 |    27 |    13 ||    99
Dodge: Dodged            |       |     2 |     1 |     5 |     8 |    18 |    22 ||    56
       Deflected         |       |       |       |     2 |     4 |       |     2 ||     8
Block: Shield            |    26 |    25 |    30 |   169 |   157 |   144 |    85 ||   636
       Reflection        |       |       |       |       |       |     2 |     8 ||    10

Table legend:
 A = Spawn XP
 B = Non-spawn XP
 C = Spawn XP percentage of total XP
 D = Spawn monster count
 E = Non-spawn monster count
 F = Spawn count percentage of total count
 G = Total turns spent on level
                    A         B        C        D         E        F      G
               +---------+---------+-------+---------+---------+-------+---------
         Total |       0 |  446227 |   0.0 |       0 |     515 |   0.0 |  3707
               +---------+---------+-------+---------+---------+-------+---------
             D |       0 |  446227 |   0.0 |       0 |     515 |   0.0 |  3707
               +---------+---------+-------+---------+---------+-------+---------
